[Event "Titled Tuesday Blitz March 15 Early 2022"]
[White "Hoffmann, Asa"]
[Black "Myshakov, Fyodor"]
[WhiteFideId "2001470"]
[BlackFideId "14111284"]
[WhiteElo "2117"]
[BlackElo "2310"]
[Result "0-1"]
[Round "07"]
[TimeControl "180+1"]
[Date "2022.03.15"]
[WhiteClock "0:00:55"]
[BlackClock "0:01:25"]

1. d4 d5 2. Bg5 Nf6 3. Nd2 Nbd7 4. e3 e6 5. Bd3 Be7 6. f4 h6 7. Bh4 b6 8. Ngf3 c5 9. c3 cxd4 10. exd4 Nh5 11. Bxe7 Qxe7 12. g3 Nhf6 13. Ne5 Bb7 14. Qe2 O-O 15. O-O Nh7 16. f5 Nxe5 17. Qxe5 Ng5 18. h4 f6 19. Qe3 Ne4 20. Nxe4 exf5 21. Rxf5 dxe4 22. Re1 Rae8 23. Rf4 f5 24. Bc4+ Kh8 25. d5 Qc5 26. Qxc5 bxc5 27. Kf2 g5 28. hxg5 hxg5 29. Ke3 gxf4+ 30. Kxf4 Kg7 31. d6 Rd8 32. Rd1 Rf6 33. Ke5 e3 34. Be6 Re8 35. d7 Rfxe6+ 36. Kxf5 Rf6+ 37. Kg5 Rd8 0-1


[Site "https://www.chess.com"]

[Event "Titled Tuesday Blitz March 15 Early 2022"]
[White "Iljin, Timofey"]
[Black "P., Komal Kishore"]
[WhiteFideId "14110180"]
[BlackFideId "5016703"]
[WhiteElo "2396"]
[BlackElo "2120"]
[Result "1-0"]
[Round "07"]
[TimeControl "180+1"]
[Date "2022.03.15"]
[WhiteClock "0:00:47"]
[BlackClock "0:00:13"]

1. e4 c6 2. d4 d5 3. e5 Bf5 4. h4 h5 5. Be2 g6 6. c4 e6 7. Nc3 Nh6 8. Nf3 Be7 9. Bg5 Nd7 10. cxd5 cxd5 11. Nb5 Qa5+ 12. Kf1 Bxg5 13. Nxg5 Ke7 14. Qb3 Rab8 15. g3 Rhd8 16. Kg2 Bg4 17. Bxg4 Nxg4 18. Nd6 Nh6 19. Qf3 Rf8 20. Qf4 Nf5 21. Nxf5+ gxf5 22. Nh7 Rg8 23. Qh6 Qb4 24. Nf6 Nxf6 25. Qxf6+ Ke8 26. Rac1 Rd8 27. Rc7 Rg6 28. Qxf7# 1-0


[Site "https://www.chess.com"]

[Event "Titled Tuesday Blitz March 15 Early 2022"]
[White "Indjic, Aleksandar"]
[Black "Koellner, Ruben Gideon"]
[WhiteFideId "911925"]
[BlackFideId "12993093"]
[WhiteElo "2616"]
[BlackElo "2463"]
[Result "1/2-1/2"]
[Round "07"]
[TimeControl "180+1"]
[Date "2022.03.15"]
[WhiteClock "0:00:25"]
[BlackClock "0:00:02"]

1. d4 d6 2. e4 Nf6 3. Nc3 e5 4. Nf3 Nbd7 5. Rg1 h6 6. g4 c6 7. h4 exd4 8. Nxd4 Ne5 9. Be2 d5 10. f4 Nfxg4 11. Rh1 Be7 12. fxe5 Bxh4+ 13. Kf1 Nf2 14. Qd2 Nxh1 15. exd5 Ng3+ 16. Kg2 Nxe2 17. Qxe2 cxd5 18. Bf4 Bg5 19. Bg3 O-O 20. Rf1 Qd7 21. Qd3 Qh3+ 22. Kg1 Be6 23. Rf2 Bh4 24. Rg2 Rac8 25. b3 Rc7 26. Ncb5 Rd7 27. Nd6 Bg5 28. a4 a6 29. a5 Qh5 30. Rh2 Qg4 31. Rg2 Qh5 32. Rh2 Qg4 33. Rg2 Qh3 34. c3 Rfd8 35. b4 Qh5 36. Rh2 Qg4 37. Rg2 Qh5 38. Rh2 Qg4 39. Rg2 Qh3 40. Qf3 Qg4 41. Qd3 1/2-1/2


[Site "https://www.chess.com"]

[Event "Titled Tuesday Blitz March 15 Early 2022"]
[White "Ismayil, Malak"]
[Black "Goryachkina, Aleksandra"]
[WhiteFideId "13412604"]
[BlackFideId "4147103"]
[WhiteElo "1879"]
[BlackElo "2426"]
[Result "1/2-1/2"]
[Round "07"]
[TimeControl "180+1"]
[Date "2022.03.15"]
[WhiteClock "0:00:05"]
[BlackClock "0:00:09"]

1. e4 e6 2. d4 d5 3. Nd2 c5 4. exd5 Qxd5 5. Ngf3 cxd4 6. Bc4 Qd7 7. O-O Nc6 8. Nb3 a6 9. Nbxd4 Nxd4 10. Nxd4 Qc7 11. Bb3 Bd6 12. h3 Nf6 13. c3 O-O 14. Re1 Bh2+ 15. Kh1 Bf4 16. Qf3 Bxc1 17. Raxc1 Bd7 18. Qe3 Rad8 19. Rcd1 Bc8 20. Nf3 b5 21. Qe5 Qxe5 22. Nxe5 Bb7 23. Kg1 Nd5 24. Nd3 Rc8 25. g3 Rfd8 26. Ne5 Kf8 27. Kf1 f6 28. Ng4 e5 29. Ke2 a5 30. Ne3 Nxe3 31. Kxe3 a4 32. Be6 Rb8 33. a3 Ke7 34. Ba2 Bc6 35. Bb1 g6 36. Be4 Bxe4 37. Kxe4 Ke6 38. g4 f5+ 39. gxf5+ gxf5+ 40. Ke3 Rbc8 41. Rg1 Rg8 42. Kf3 Rg6 43. h4 Rcg8 44. Rh1 Rg4 45. Rd2 Rf4+ 46. Ke2 Rgg4 47. Rhd1 Rg2 48. Rd6+ Ke7 49. Rd7+ Ke8 50. Rd8+ Ke7 51. R1d7+ Ke6 52. Rd6+ Ke7 53. R8d7+ Ke8 54. Rd8+ Ke7 55. R8d7+ Ke8 56. Rd8+ Ke7 1/2-1/2


[Site "https://www.chess.com"]

[Event "Titled Tuesday Blitz March 15 Early 2022"]
[White "Jaferian, Koosha"]
[Black "Horcajuelo Rocamora, Martin"]
[WhiteFideId "12507440"]
[BlackFideId "24573027"]
[WhiteElo "2030"]
[BlackElo "1706"]
[Result "1/2-1/2"]
[Round "07"]
[TimeControl "180+1"]
[Date "2022.03.15"]
[WhiteClock "0:01:39"]
[BlackClock "0:01:38"]

1. Nf3 Nf6 2. b3 e6 3. Bb2 b6 4. g3 Bb7 5. Bg2 d5 6. O-O Bd6 7. d4 O-O 8. c4 Nbd7 9. cxd5 exd5 10. Nbd2 Re8 11. Rc1 Ne4 12. e3 f5 13. Re1 c6 14. Qc2 Qe7 15. Red1 Rac8 16. Ne1 Ndf6 17. Nd3 Ba6 18. Nf3 Bxd3 19. Qxd3 Ng4 20. Rc2 Rf8 21. Ne1 Ngf6 22. Nf3 Ng4 23. Ne1 Ngf6 24. Nf3 Ng4 1/2-1/2


[Site "https://www.chess.com"]

[Event "Titled Tuesday Blitz March 15 Early 2022"]
[White "Jeet, Jain"]
[Black "Buscar, Michael"]
[WhiteFideId "5073022"]
[BlackFideId "2603616"]
[WhiteElo "2085"]
[BlackElo "2010"]
[Result "1-0"]
[Round "07"]
[TimeControl "180+1"]
[Date "2022.03.15"]
[WhiteClock "0:01:30"]
[BlackClock "0:00:38"]

1. d4 d5 2. Nf3 e6 3. Bf4 c5 4. e3 Qb6 5. Qc1 Nc6 6. c3 Nf6 7. a3 c4 8. Nbd2 Be7 9. Be2 O-O 10. g4 Na5 11. g5 Ne4 12. Nxe4 dxe4 13. Nd2 Nb3 14. Nxb3 Qxb3 15. a4 Bd7 16. Kd2 a5 17. Bc7 Rac8 18. Bxa5 Ra8 19. Bd1 Rxa5 20. Bxb3 cxb3 21. Qd1 Rxg5 22. Qxb3 Bc6 23. Rhg1 Rh5 24. Rg2 Bd6 25. c4 Ra8 26. c5 Bc7 27. Qc3 Rxa4 28. Rxa4 Bxa4 29. Qa3 Be8 30. Qa8 Kf8 31. Qxb7 Bd8 32. c6 1-0


[Site "https://www.chess.com"]

[Event "Titled Tuesday Blitz March 15 Early 2022"]
[White "Kanyamarala, Tarun"]
[Black "Petersson, Kjell"]
[WhiteFideId "45004714"]
[BlackFideId "1705148"]
[WhiteElo "2075"]
[BlackElo "2009"]
[Result "1-0"]
[Round "07"]
[TimeControl "180+1"]
[Date "2022.03.15"]
[WhiteClock "0:00:11"]
[BlackClock "0:00:07"]

1. e4 c5 2. Nf3 d6 3. Bb5+ Nc6 4. O-O Bd7 5. Re1 a6 6. Bf1 Bg4 7. h3 Bxf3 8. Qxf3 g6 9. c3 Bg7 10. d3 Nf6 11. Nd2 Nd7 12. Qe2 O-O 13. f4 e6 14. Nf3 b6 15. Qf2 a5 16. d4 cxd4 17. cxd4 Rc8 18. a3 b5 19. Bxb5 Qb6 20. Bxc6 Rxc6 21. Be3 Qb7 22. f5 exf5 23. exf5 Nf6 24. Rab1 Rfc8 25. Qh4 Nh5 26. fxg6 hxg6 27. Rec1 Rxc1+ 28. Rxc1 Rxc1+ 29. Bxc1 Qc6 30. Qd8+ Kh7 31. Ng5+ Kh6 32. Nxf7+ Kh7 33. Ng5+ Kh6 34. Be3 Qd5 35. Qxd6 Qxd6 36. Nf7+ Kh7 37. Nxd6 Kg8 38. Nc4 a4 39. Nb6 Ng3 40. Nxa4 Nf5 41. Bf2 Nxd4 42. Bxd4 Bxd4+ 43. Kf1 Kf7 44. Ke2 Ke6 45. Kd3 Ba7 46. b4 Kd5 47. Nc3+ Ke5 48. Ne2 g5 49. a4 Kd5 50. a5 Kc6 51. Kc4 Be3 52. b5+ Kb7 53. Nc3 Ka7 54. Na4 Kb7 55. Nc5+ Kc7 56. b6+ Kb8 57. Kb5 Ka8 58. a6 g4 59. hxg4 Bf2 60. Ne6 Kb8 61. Kc6 Bg3 62. g5 Be5 63. g6 Kc8 64. a7 Bb8 65. b7# 1-0


[Site "https://www.chess.com"]

[Event "Titled Tuesday Blitz March 15 Early 2022"]
[White "Kanyamarala, Trisha"]
[Black "Khabinets, Ivan"]
[WhiteFideId "45004722"]
[BlackFideId "14115980"]
[WhiteElo "2047"]
[BlackElo "2114"]
[Result "0-1"]
[Round "07"]
[TimeControl "180+1"]
[Date "2022.03.15"]
[WhiteClock "0:00:08"]
[BlackClock "0:00:06"]

1. d4 Nf6 2. c4 e6 3. Nc3 Bb4 4. e3 O-O 5. Bd2 c5 6. a3 Bxc3 7. Bxc3 Ne4 8. Ne2 d6 9. f3 Nxc3 10. Nxc3 Nc6 11. dxc5 dxc5 12. Qc2 b6 13. Bd3 h6 14. O-O-O Qg5 15. f4 Qe7 16. Be4 Bb7 17. Qe2 Rac8 18. Nb5 Rfd8 19. Bb1 a6 20. Qc2 f5 21. Nc3 Na5 22. Ba2 Bc6 23. e4 Qf6 24. exf5 exf5 25. b4 cxb4 26. axb4 Nb7 27. b5 Be8 28. Nd5 Qa1+ 29. Qb1 Qxb1+ 30. Kxb1 Kf8 31. Nxb6 Rb8 32. bxa6 Rxd1+ 33. Rxd1 Nc5 34. Rd6 Nxa6 35. Kc1 Nc5 36. Nd5 Ne4 37. Bb1 Nxd6 0-1


[Site "https://www.chess.com"]

[Event "Titled Tuesday Blitz March 15 Early 2022"]
[White "Kett, Tim"]
[Black "Butti, Enrique"]
[WhiteFideId "1801210"]
[BlackFideId "3700470"]
[WhiteElo "2098"]
[BlackElo "2080"]
[Result "1-0"]
[Round "07"]
[TimeControl "180+1"]
[Date "2022.03.15"]
[WhiteClock "0:00:09"]
[BlackClock "0:00:11"]

1. e4 c5 2. Nf3 d6 3. d4 cxd4 4. Nxd4 Nf6 5. Nc3 a6 6. Bc4 e6 7. O-O b5 8. Bb3 Bb7 9. Bxe6 fxe6 10. Nxe6 Qd7 11. Nd5 Nc6 12. Bg5 Be7 13. Nec7+ Kf7 14. Bxf6 Bxf6 15. Nxa8 Bxa8 16. Nxf6 Kxf6 17. f4 Kf7 18. e5 Rd8 19. Qd3 Kg8 20. Rad1 d5 21. Qg3 Qf5 22. Qa3 Bb7 23. Qc5 d4 24. Qb6 Rd7 25. c3 d3 26. Rf3 Qe4 27. f5 d2 28. e6 Ne5 29. exd7 Nxf3+ 30. Kf2 1-0


[Site "https://www.chess.com"]

[Event "Titled Tuesday Blitz March 15 Early 2022"]
[White "Khamzin, Olzhas"]
[Black "Fier, Alexandr"]
[WhiteFideId "13701690"]
[BlackFideId "2107139"]
[WhiteElo "2194"]
[BlackElo "2571"]
[Result "1-0"]
[Round "07"]
[TimeControl "180+1"]
[Date "2022.03.15"]
[WhiteClock "0:01:47"]
[BlackClock "0:02:40"]

1. d4 Nf6 2. Nc3 c5 3. Bg5 cxd4 4. Qxd4 Nc6 5. Qa4 Qb6 6. O-O-O Qxf2 7. Nf3 a6 8. e4 b5 9. Bxb5 Bb7 10. Bc4 e6 11. e5 Ng8 12. Ne4 Qb6 13. Nd6+ Bxd6 14. Rxd6 Nge7 15. Rhd1 Rd8 16. Qa3 h6 17. Bxe7 1-0


[Site "https://www.chess.com"]

[Event "Titled Tuesday Blitz March 15 Early 2022"]
[White "Kovanova, Baira"]
[Black "Tay, Junior"]
[WhiteFideId "4164083"]
[BlackFideId "5800439"]
[WhiteElo "2190"]
[BlackElo "2216"]
[Result "0-1"]
[Round "07"]
[TimeControl "180+1"]
[Date "2022.03.15"]
[WhiteClock "0:01:36"]
[BlackClock "0:01:43"]

1. e4 c5 2. Nf3 d6 3. d4 cxd4 4. Nxd4 Nf6 5. Nc3 g6 6. f3 Nc6 7. Be3 h5 8. Qd2 Nxd4 9. Bxd4 Bh6 10. Be3 Bxe3 11. Qxe3 Be6 12. Be2 Qa5 13. O-O Rc8 14. Kh1 h4 15. f4 h3 16. g3 Qb4 17. Bd3 Qxb2 18. Nb5 Ng4 19. Qg1 Bc4 20. Rab1 Bxd3 21. Rxb2 Bxe4+ 0-1


[Site "https://www.chess.com"]

[Event "Titled Tuesday Blitz March 15 Early 2022"]
[White "Kowalczyk, Pawel"]
[Black "Bacrot, Etienne"]
[WhiteFideId "1130641"]
[BlackFideId "605506"]
[WhiteElo "2344"]
[BlackElo "2673"]
[Result "1-0"]
[Round "07"]
[TimeControl "180+1"]
[Date "2022.03.15"]
[WhiteClock "0:01:13"]
[BlackClock "0:01:51"]

1. e4 c5 2. d4 cxd4 3. c3 d3 4. Bxd3 Nc6 5. Nf3 g6 6. O-O Bg7 7. Bc4 d6 8. h3 Nf6 9. Qe2 O-O 10. Rd1 Qc7 11. Bf4 a6 12. Nbd2 b5 13. Bb3 Bb7 14. Rac1 Rac8 15. c4 Nh5 16. Bh2 b4 17. c5 Ne5 18. cxd6 Nxf3+ 19. Qxf3 Qxc1 20. dxe7 Qxb2 21. exf8=Q+ Rxf8 22. Nc4 Qc3 23. Nd6 Qxf3 24. gxf3 Bc6 25. Nxf7 Rxf7 26. Rd8+ Bf8 27. Bd6 Kg7 28. Bxf7 Bxd6 29. Rxd6 Bxe4 30. fxe4 Kxf7 31. Rxa6 Nf4 32. Rb6 Nxh3+ 33. Kf1 Nf4 34. Rxb4 Ke6 35. a4 Nd3 36. Rb5 1-0


[Site "https://www.chess.com"]

[Event "Titled Tuesday Blitz March 15 Early 2022"]
[White "Matinian, Nikita"]
[Black "Istvanovszki, Martin"]
[WhiteFideId "24129100"]
[BlackFideId "726958"]
[WhiteElo "2422"]
[BlackElo "2345"]
[Result "0-1"]
[Round "07"]
[TimeControl "180+1"]
[Date "2022.03.15"]
[WhiteClock "0:00:04"]
[BlackClock "0:00:16"]

1. e4 c5 2. Nc3 g6 3. d4 Bg7 4. Be3 Qa5 5. Qd2 cxd4 6. Bxd4 Nf6 7. Nf3 Nc6 8. Be3 Qb4 9. Bd3 Qxb2 10. O-O Ng4 11. Nd5 Nxe3 12. fxe3 O-O 13. Rab1 Qxa2 14. Nd4 Nxd4 15. Nxe7+ Kh8 16. exd4 Bxd4+ 17. Kh1 Qe6 18. Nd5 Be5 19. Bc4 Qd6 20. Qh6 Bg7 21. Qh4 b6 22. Nf6 h6 23. e5 Qxe5 24. Rbe1 Qc5 25. Ne8 Qg5 26. Qe4 Bb7 27. Qxb7 Raxe8 28. Rxe8 Rxe8 29. Bxf7 Qf5 30. Bc4 Qxc2 31. Qxd7 Qe4 32. Bd3 Qe7 33. Qg4 Rf8 34. Rd1 Qg5 35. Qe4 Qf5 36. Qe2 Qf2 37. Qe4 Qf5 38. Qe2 Qf6 39. h3 h5 40. Qe4 Qf5 41. Qe2 Qf2 42. Qe4 Qf5 43. Qe2 Qg5 44. Qe4 Be5 45. Re1 Re8 46. Rf1 Qg3 47. Kg1 Qh2+ 48. Kf2 Bg3+ 49. Kf3 Rxe4 50. Bxe4 Bd6 0-1


[Site "https://www.chess.com"]

[Event "Titled Tuesday Blitz March 15 Early 2022"]
[White "Maung, Maung Kyaw Zaw Hein"]
[Black "Iskusnyh, Sergei"]
[WhiteFideId "13001698"]
[BlackFideId "4120027"]
[WhiteElo "1785"]
[BlackElo "2492"]
[Result "0-1"]
[Round "07"]
[TimeControl "180+1"]
[Date "2022.03.15"]
[WhiteClock "0:00:10"]
[BlackClock "0:00:17"]

1. Nf3 d5 2. d4 Nf6 3. c4 dxc4 4. e3 e6 5. Bxc4 a6 6. O-O b5 7. Bd3 Bb7 8. Nbd2 Nbd7 9. Qe2 c5 10. dxc5 Nxc5 11. Bc2 Be7 12. e4 O-O 13. b4 Na4 14. Bxa4 bxa4 15. a3 Rc8 16. Nc4 Nxe4 17. Bb2 Bf6 18. Bxf6 Qxf6 19. Na5 Bd5 20. Qxa6 Rc2 21. Rac1 Rxc1 22. Rxc1 Qb2 23. Qf1 Qxa3 24. b5 Qb2 25. Nc6 a3 26. Ne7+ Kh8 27. Nxd5 exd5 28. Rb1 Qc2 29. Nd4 Qc3 30. Ne2 Qc4 31. b6 Nd2 32. b7 Nxb1 33. Qxb1 a2 34. Qb2 Qxe2 0-1


[Site "https://www.chess.com"]

[Event "Titled Tuesday Blitz March 15 Early 2022"]
[White "Mekhitarian, Krikor Sevag"]
[Black "Gareyev, Timur"]
[WhiteFideId "2107660"]
[BlackFideId "14200937"]
[WhiteElo "2598"]
[BlackElo "2582"]
[Result "1-0"]
[Round "07"]
[TimeControl "180+1"]
[Date "2022.03.15"]
[WhiteClock "0:00:13"]
[BlackClock "0:00:01"]

1. e4 g6 2. d4 d6 3. Nc3 a6 4. h4 Nf6 5. f3 Nc6 6. Be3 e5 7. Nge2 b5 8. Qd2 Bb7 9. a3 h5 10. O-O-O Bg7 11. Kb1 Rb8 12. d5 Na5 13. Nc1 Bc8 14. Nxb5 axb5 15. Qxa5 Bd7 16. Na2 O-O 17. Qd2 Nh7 18. Nb4 f5 19. Bd3 fxe4 20. Bxe4 Qe8 21. Qd3 Bf5 22. Nc6 Ra8 23. g4 hxg4 24. fxg4 Bxe4 25. Qxe4 Nf6 26. Qg2 e4 27. Bd4 Ra4 28. Nb4 Qd7 29. g5 Nxd5 30. Nxd5 Bxd4 31. Qxe4 Bxb2 32. Qxg6+ Bg7 33. Nf6+ Rxf6 34. gxf6 Rxa3 35. Qxg7+ Qxg7 36. fxg7 1-0


[Site "https://www.chess.com"]

[Event "Titled Tuesday Blitz March 15 Early 2022"]
[White "Migot, Tangi"]
[Black "Avazkhonov, Alikhon"]
[WhiteFideId "662445"]
[BlackFideId "14208504"]
[WhiteElo "2513"]
[BlackElo "1739"]
[Result "1/2-1/2"]
[Round "07"]
[TimeControl "180+1"]
[Date "2022.03.15"]
[WhiteClock "0:00:20"]
[BlackClock "0:00:04"]

1. Nf3 Nf6 2. g3 g6 3. Bg2 Bg7 4. O-O O-O 5. c3 d5 6. d3 c5 7. Nbd2 Nc6 8. e4 e5 9. Re1 b6 10. exd5 Nxd5 11. Nc4 Re8 12. a4 a6 13. d4 exd4 14. Rxe8+ Qxe8 15. cxd4 cxd4 16. Nxd4 Nxd4 17. Bxd5 Ne2+ 18. Kg2 Be6 19. Be3 Rd8 20. Nxb6 Bxd5+ 21. Nxd5 Qe4+ 22. f3 Qxd5 23. Qxe2 Re8 24. Qf2 Qb3 25. Re1 Rc8 26. Re2 Qxa4 27. h4 Qb5 28. Rd2 h5 29. Bd4 a5 30. Bxg7 Kxg7 31. Qd4+ Kg8 32. g4 a4 33. Kg3 hxg4 34. Qxg4 Rb8 35. Qf4 Rb6 36. Rd8+ Kg7 37. Qd4+ Rf6 38. Rd6 Qf5 39. Rxf6 Qxf6 40. Qxa4 Qxb2 41. Qe4 Qf6 42. Qb4 Qe5+ 43. Kg2 Qe2+ 44. Kg3 Qe5+ 45. Kf2 Qh2+ 46. Ke3 Qe5+ 47. Kf2 Qh2+ 48. Ke3 Qg1+ 49. Ke2 Qg2+ 50. Ke3 Qg1+ 51. Ke2 Qg2+ 52. Ke3 Qc2 53. Qd4+ Kh7 54. Qf6 Qb3+ 55. Kf2 Qc2+ 56. Kg3 Qb3 57. Kg4 Qd5 58. Kg3 Kg8 59. Qe7 Kg7 60. Qe3 Qf5 61. Qc3+ Kh7 62. Qe3 Qh5 63. Qf4 Kg7 64. Qd4+ Kh7 65. Qf6 Kg8 66. Qd8+ Kg7 67. Qd4+ Kg8 68. Qf6 Qd5 69. Kg2 Kh7 70. Kg3 Kg8 1/2-1/2


[Site "https://www.chess.com"]

[Event "Titled Tuesday Blitz March 15 Early 2022"]
[White "Milosevic, Milos"]
[Black "Jumabayev, Rinat"]
[WhiteFideId "964875"]
[BlackFideId "13702661"]
[WhiteElo "2237"]
[BlackElo "2561"]
[Result "0-1"]
[Round "07"]
[TimeControl "180+1"]
[Date "2022.03.15"]
[WhiteClock "0:00:06"]
[BlackClock "0:00:16"]

1. e4 c5 2. Nf3 e6 3. d4 cxd4 4. Nxd4 Nc6 5. Nc3 Qc7 6. Nxc6 bxc6 7. Qg4 d5 8. Qg3 Qxg3 9. hxg3 Nf6 10. exd5 cxd5 11. Bg5 Be7 12. Bxf6 Bxf6 13. Bd3 Rb8 14. O-O-O Ke7 15. Rde1 Kd6 16. f4 Bd7 17. g4 h6 18. a3 Bxc3 19. bxc3 Rhc8 20. Kd2 Rc5 21. Re3 Ra5 22. c4 Rxa3 23. cxd5 exd5 24. g5 hxg5 25. fxg5 g6 26. Rf1 Be6 27. Rf6 Rb4 28. Re2 Rd4 29. g3 a5 30. Re1 a4 31. Rf4 Kc5 32. Rxd4 Kxd4 33. g4 Bxg4 34. Re7 Be6 35. Bxg6 Rf3 36. Bd3 a3 37. Ra7 Rg3 38. g6 fxg6 39. Ra4+ Ke5 40. Rxa3 g5 41. Ra4 g4 42. Ke2 Rf3 43. Rb4 Rf8 44. Rb7 Rg8 45. Kf2 d4 46. Kg3 Rf8 47. Rh7 Rf3+ 48. Kg2 Bd5 49. Rh5+ Kd6 50. Kg1 g3 51. Rg5 Re3 52. Rg6+ Kc5 53. Rg5 Re1+ 54. Bf1 g2 55. Rxg2 Bxg2 56. Kxg2 Kb4 57. Bd3 Kc3 58. Kf2 Re3 59. Kf1 Rxd3 60. cxd3 Kxd3 61. Ke1 Kc2 62. Ke2 d3+ 0-1


[Site "https://www.chess.com"]

[Event "Titled Tuesday Blitz March 15 Early 2022"]
[White "Miszler, Levente"]
[Black "Orlov, Georgi"]
[WhiteFideId "763276"]
[BlackFideId "2011271"]
[WhiteElo "1966"]
[BlackElo "2534"]
[Result "1/2-1/2"]
[Round "07"]
[TimeControl "180+1"]
[Date "2022.03.15"]
[WhiteClock "0:00:01"]
[BlackClock "0:00:11"]

1. d4 Nf6 2. Nf3 e6 3. c4 Nc6 4. Nc3 Bb4 5. e3 Bxc3+ 6. bxc3 d6 7. Qc2 e5 8. Be2 Qe7 9. O-O O-O 10. a4 Bg4 11. h3 Bh5 12. Ba3 Bg6 13. Qb2 Ne4 14. Nd2 Nxd2 15. Qxd2 Rfe8 16. Bf3 Rab8 17. c5 Na5 18. cxd6 cxd6 19. dxe5 Qxe5 20. Bxd6 Rbd8 21. Bxe5 Rxd2 22. Rfd1 Rxd1+ 23. Rxd1 Nc4 24. Bf4 b6 25. Rd7 a5 26. Bd5 Nb2 27. Bb3 h6 28. Rb7 Nd3 29. Rxb6 Nxf4 30. exf4 Re1+ 31. Kh2 Rc1 32. Rc6 Rb1 33. Bc4 Kh7 34. Bb5 Be4 35. Rc7 f5 36. c4 Rb2 37. Kg3 Bc2 38. c5 Ra2 39. c6 Bxa4 40. Bxa4 Rxa4 41. Ra7 Rc4 42. c7 a4 43. f3 a3 44. h4 a2 45. h5 Rxc7 46. Rxa2 Rf7 47. Ra6 Rf8 48. Kf2 Rb8 49. Ke3 Rb2 50. g4 Rb3+ 51. Ke2 Rb4 52. g5 hxg5 53. fxg5 Rh4 54. h6 gxh6 55. gxh6 Rxh6 56. Rxh6+ Kxh6 57. Ke3 Kg5 58. Kf2 Kf4 59. Kg2 Ke3 60. Kg3 Ke2 61. Kf4 Kf2 62. Kxf5 Kxf3 1/2-1/2


[Site "https://www.chess.com"]

[Event "Titled Tuesday Blitz March 15 Early 2022"]
[White "Mitusov, Semen"]
[Black "Demchenko, Anton"]
[WhiteFideId "14151049"]
[BlackFideId "4160258"]
[WhiteElo "2265"]
[BlackElo "2539"]
[Result "0-1"]
[Round "07"]
[TimeControl "180+1"]
[Date "2022.03.15"]
[WhiteClock "0:00:01"]
[BlackClock "0:00:03"]

1. e4 e5 2. Nf3 Nc6 3. Bc4 Nf6 4. d3 h6 5. a3 d6 6. h3 g6 7. Nc3 Bg7 8. O-O g5 9. Nh2 Ne7 10. Re1 Ng6 11. Nd5 Nxd5 12. Bxd5 Nf4 13. Bb3 h5 14. Bxf4 exf4 15. d4 g4 16. e5 dxe5 17. dxe5 Qxd1 18. Raxd1 gxh3 19. e6 Bxe6 20. Bxe6 fxe6 21. Rxe6+ Kf7 22. Re4 Rad8 23. Rxf4+ Kg6 24. Rxd8 Rxd8 25. gxh3 Bxb2 26. a4 Rd2 27. Rc4 Be5 28. Nf3 Rd1+ 29. Kg2 Bd6 30. Nd4 a6 31. Nb3 Rd5 32. Kf3 b5 33. axb5 axb5 34. Rc3 Rd1 35. Ke4 Rf1 36. Rf3 Re1+ 37. Kd5 Rd1+ 38. Kc6 b4 39. c3 bxc3 40. Rxc3 Kf5 41. Nc5 Be5 42. Rc4 Rh1 43. h4 Rh2 44. f3 Rh3 45. Na6 Rxf3 46. Nxc7 Rf4 47. Rc1 Rxh4 48. Nd5 Re4 49. Rf1+ Kg5 50. Ne7 Rd4 51. Nf5 Rf4 52. Rxf4 Kxf4 53. Nh4 Kg4 54. Ng6 Bf6 55. Kd5 Kf5 56. Nf8 h4 57. Nd7 h3 0-1


[Site "https://www.chess.com"]

[Event "Titled Tuesday Blitz March 15 Early 2022"]
[White "Muradli, Mahammad"]
[Black "Guseva, Marina"]
[WhiteFideId "13409301"]
[BlackFideId "4149351"]
[WhiteElo "2611"]
[BlackElo "2160"]
[Result "1-0"]
[Round "07"]
[TimeControl "180+1"]
[Date "2022.03.15"]
[WhiteClock "0:01:18"]
[BlackClock "0:00:02"]

1. g3 d5 2. Bg2 c6 3. c4 dxc4 4. Na3 Nf6 5. Nxc4 g6 6. b3 Bg7 7. Bb2 O-O 8. Nf3 Bg4 9. O-O Bxf3 10. Bxf3 Nbd7 11. d4 Nb6 12. e3 e6 13. Qc2 Re8 14. a4 a5 15. Ba3 Nfd5 16. Rfd1 Bf8 17. Bb2 Nb4 18. Qe2 Bg7 19. h4 h5 20. Rac1 N6d5 21. e4 Nf6 22. Kg2 Qe7 23. Ba3 Qc7 24. Qe1 Bf8 25. Qe3 Na2 26. Bxf8 Rxf8 27. Rc2 Nb4 28. Rcd2 Kg7 29. Qg5 Nh7 30. Qc5 Nf6 31. d5 exd5 32. exd5 Ra6 33. d6 Qd8 34. Ne5 Nfd5 35. Bxd5 Nxd5 36. Rxd5 cxd5 37. Rxd5 f6 38. Nc4 Rf7 39. Qd4 Rd7 40. Rb5 Ra8 41. Qd5 1-0


[Site "https://www.chess.com"]

[Event "Titled Tuesday Blitz March 15 Early 2022"]
[White "Nakamura, Hikaru"]
[Black "Dubov, Daniil"]
[WhiteFideId "2016192"]
[BlackFideId "24126055"]
[WhiteElo "2850"]
[BlackElo "2791"]
[Result "0-1"]
[Round "07"]
[TimeControl "180+1"]
[Date "2022.03.15"]
[WhiteClock "0:00:09"]
[BlackClock "0:00:16"]

1. Nf3 Nf6 2. b3 g6 3. Bb2 Bg7 4. d4 O-O 5. e3 d5 6. Nbd2 c6 7. c4 Bg4 8. Bd3 e6 9. h3 Bxf3 10. Nxf3 Nbd7 11. Qc2 a6 12. O-O Re8 13. Rfd1 Rc8 14. Rac1 Qe7 15. a3 Qd8 16. Qb1 Qe7 17. b4 Nb6 18. c5 Nbd7 19. a4 Nh5 20. g4 Nhf6 21. b5 axb5 22. axb5 h5 23. g5 Nh7 24. h4 e5 25. Bf1 e4 26. Nh2 f6 27. f4 exf3 28. Qxg6 fxg5 29. Qxh5 Qxe3+ 30. Kh1 Rf8 31. hxg5 Qxg5 32. Qh3 f2 33. Bd3 Ndf6 34. Nf3 Qe3 35. Bf5 Rce8 36. Ne5 Qxh3+ 37. Bxh3 Ng5 38. Bf1 Nfe4 39. bxc6 Bxe5 40. dxe5 bxc6 41. Rd3 Rf4 42. Be2 Re6 43. Ra1 Rh6+ 44. Kg2 Rfh4 45. Ra8+ Kf7 46. e6+ Kxe6 47. Re8+ Kd7 48. Rg8 Rh2+ 0-1


[Site "https://www.chess.com"]

[Event "Titled Tuesday Blitz March 15 Early 2022"]
[White "Nenezic, Marko"]
[Black "Yang, Kaiqi"]
[WhiteFideId "912123"]
[BlackFideId "8604398"]
[WhiteElo "2457"]
[BlackElo "2373"]
[Result "1-0"]
[Round "07"]
[TimeControl "180+1"]
[Date "2022.03.15"]
[WhiteClock "0:00:07"]
[BlackClock "0:00:02"]

1. Nf3 e6 2. c4 d5 3. g3 dxc4 4. Bg2 Nc6 5. Qa4 a6 6. Qxc4 Nge7 7. d4 b5 8. Qd3 Bb7 9. O-O g6 10. e4 Bg7 11. Rd1 O-O 12. Nc3 Rc8 13. h4 Nb4 14. Qe2 h6 15. Bf4 Qd7 16. Ne5 Qe8 17. a3 Nbc6 18. Nf3 Na5 19. Nh2 Nb3 20. Rab1 Nxd4 21. Rxd4 Bxd4 22. e5 Bxg2 23. Kxg2 Nd5 24. Nxd5 exd5 25. Rd1 c5 26. Ng4 f5 27. Nxh6+ Kh7 28. b4 Qe6 29. Qf3 Rce8 30. Re1 c4 31. h5 Bb6 32. hxg6+ Qxg6 33. Rh1 Kg7 34. Qxd5 Re7 35. Bc1 Rd8 36. Qf3 Rxe5 37. Bb2 Bd4 38. Bxd4 Rxd4 39. Qb7+ Kf6 40. Qb6+ 1-0


[Site "https://www.chess.com"]

[Event "Titled Tuesday Blitz March 15 Early 2022"]
[White "Pajeken, Jakob Leon"]
[Black "Ilyasli, Ughur"]
[WhiteFideId "12942839"]
[BlackFideId "13416197"]
[WhiteElo "2351"]
[BlackElo "2045"]
[Result "0-1"]
[Round "07"]
[TimeControl "180+1"]
[Date "2022.03.15"]
[WhiteClock "0:00:16"]
[BlackClock "0:00:04"]

1. d4 Nf6 2. Nf3 g6 3. c4 Bg7 4. g3 O-O 5. Bg2 d6 6. O-O Nbd7 7. b3 e5 8. dxe5 Nxe5 9. Bb2 Nfg4 10. Nc3 Nxf3+ 11. exf3 Ne5 12. f4 Nc6 13. Qd2 Qf6 14. Rfe1 Qd4 15. Qxd4 Nxd4 16. Re7 c6 17. h3 Bf6 18. Re4 Bf5 19. Rd1 Bxe4 20. Nxe4 Ne2+ 21. Kf1 Bxb2 22. Kxe2 Rfe8 23. Kf1 Rad8 24. Rxd6 f5 25. Rxd8 Rxd8 26. Nc5 Rd2 27. Nxb7 Bd4 28. Bxc6 Rxf2+ 29. Ke1 Rxa2 30. c5 Rc2 31. Bd5+ Kf8 32. c6 Ke7 33. Bc4 Bb6 34. Kf1 a5 35. Bb5 Rf2+ 36. Ke1 Rc2 37. Ba4 Rc3 38. g4 Rxh3 39. gxf5 gxf5 40. Nc5 Rc3 41. Na6 h5 42. Kf1 Kd6 43. Nb8 h4 44. Kg2 h3+ 45. Kh2 Be3 46. Kxh3 Bxf4+ 47. Kh4 Rc1 48. Kh5 Rc2 49. Kg6 Ke6 50. Nd7 Rg2+ 51. Kh7 Kf7 0-1


[Site "https://www.chess.com"]